AoeStats
← ChaKA

Arena

504584426Analyzed
2v2 RM · 27d ago on Sep 5, 2026· 47m 47s· 4 players
Game mode
Random Map
Map size
Medium (4 player)
Population
200
Speed
Normal
Resources
Standard
Victory
Conquest
Starting age
Dark Age
Ending age
Imperial Age
RankedLock teamsTeams togetherTeam positionsShared explorationLock speedFull tech treeHidden civsTurbo modeCheats
Victory
Defeat
🇦🇷 Khmer · Argentina
982
+13
🇦🇷 Turks · Argentina
957
+13
🇺🇸 Huns · United States
907
-13
🇺🇸 Vikings · United States
904
-13
Teblu
9:52 Loom
11:38 Feudal Age
14:18 Double-Bit Axe
14:29 Horse Collar
17:05 Castle Age
21:22 Bloodlines
22:44 Scale Barding Armor
23:29 Fletching
28:01 Forging
Kevatafl
11:51 Feudal Age
17:23 Castle Age
15:53 Double-Bit Axe
15:50 Horse Collar
18:17 Scale Mail Armor
19:16 Crossbowman
22:26 Padded Archer Armor
24:49 Gold Mining
25:56 Fletching
26:40 Bodkin Arrow
27:55 Bow Saw
28:19 Leather Archer Armor
33:51 Forging
33:57 Chain Mail Armor
34:14 Man-at-Arms
34:55 Squires
34:42 Arson
35:39 Iron Casting
35:40 Long Swordsman
48:12 Heavy Plow
ChaKA
12:10 Feudal Age
13:59 Loom
16:15 Castle Age
23:22 Imperial Age
22:50 Padded Archer Armor
23:08 Double-Bit Axe
26:47 Fletching
27:13 Town Watch
BRAM
12:45 Feudal Age
13:20 Horse Collar
13:26 Double-Bit Axe
13:36 Gold Mining
19:38 Loom
23:35 Castle Age
22:22 Stone Mining
22:45 Scale Barding Armor
22:51 Forging
22:55 Bloodlines
25:47 Husbandry
30:45 Town Watch
43:34 Wheelbarrow
43:13 Bow Saw
44:38 Hand Cart
Connection lost

Rejoining the realm…

Still unreachable

The connection could not be restored.

Session expired

The server has moved on; the page needs a fresh start.